 Dungeon Crawl Stone Soup version 0.30-a0-134-gb40fab5c76 (webtiles) character file.

Game seed: 17106603434412740832

4744 bande the Cleaver (level 10, -2/86 HPs)
             Began as a Hill Orc Fighter on Sept 20, 2022.
             Was a Believer of Beogh.
             Succumbed to a killer bee's poison
             ... on level 8 of the Dungeon.
             The game lasted 00:15:20 (11575 turns).

bande the Cleaver (Hill Orc Fighter)               Turns: 11575, Time: 00:15:20

Health: -2/86      AC: 16    Str: 20    XL:     10   Next: 46%
Magic:  15/15      EV:  6    Int:  8    God:    Beogh [**....]
Gold:   280        SH:  6    Dex: 20    Spells: 9/9 levels left

rFire   . . .      SeeInvis .    a - +0 war axe (protect)
rCold   . . .      Faith    .    c - +0 buckler
rNeg    . . .      Spirit   .    v - +0 plate armour
rPois   .          Reflect  .    e - +1 hat
rElec   .          Harm     .    f - +1 cloak
rCorr   .          Rampage  .    (no gloves)
Will    .....                    (no boots)
Stlth   ..........               (no amulet)
HPRegen 0.24/turn                y - +6 ring of dexterity
MPRegen 0.14/turn                (no ring)

@: lethally poisoned (-2 -> -20)
A: no striking features
a: Renounce Religion, Smiting


You were on level 8 of the Dungeon.
You worshipped Beogh.
Beogh was pleased with you.
You visited 1 branch of the dungeon, and saw 8 of its levels.
You also visited: Ossuary.

You collected 420 gold pieces.
You spent 140 gold pieces at shops.

Inventory:

Hand Weapons
 a - a +0 war axe of protection (weapon)
 A - a +4 flail
Missiles
 k - a throwing net (quivered)
Armour
 c - a +0 buckler (worn)
 e - a +1 hat (worn)
 f - a +1 cloak (worn)
 v - a +0 plate armour (worn)
Jewellery
 u - an amulet of the acrobat
 y - a +6 ring of dexterity (left hand)
Wands
 i - a wand of mindburst (12)
 q - a wand of flame (46)
 s - a wand of roots (8)
Scrolls
 d - a scroll of amnesia
 g - a scroll of magic mapping
 p - 6 scrolls of teleportation
 t - 2 scrolls of blinking
 w - a scroll of butterflies
Potions
 b - a potion of magic {unknown}
 j - a potion of resistance
 l - 4 potions of curing
 m - a potion of mutation
 n - a potion of ambrosia
 o - a potion of brilliance
 r - a potion of invisibility
 x - a potion of flight
 z - a potion of heal wounds {unknown}


   Skills:
 + Level 7.2 Fighting
 + Level 11.9 Axes
 + Level 7.3 Armour
 - Level 0.1 Dodging
 - Level 0.1 Stealth
 + Level 5.6 Shields
 * Level 7.3 Invocations
 * Level 5.5 Evocations


You had 9 spell levels left.
You didn't know any spells.
Your spell library contained the following spells:

 Spells                   Type           Power      Damage    Failure   Level
 Sting                    Tmut/Pois      0%         1d3       100%        1
 Poisonous Vapours        Pois/Air       0%         N/A       100%        2
 Olgreb's Toxic Radiance  Pois           0%         N/A       100%        4
 Summon Lightning Spire   Summ/Air       0%         N/A       100%        4
 Storm Form               Tmut/Air       0%         N/A       100%        7
 Maxwell's Capacitive Co  Air            0%         ∞         100%        8


Dungeon Overview and Level Annotations

Branches:
Dungeon (8/15)             Temple (0/1) D:6         Ossuary (visited)
   Lair: D:8-11

Altars:
Ashenzari
Cheibriados
Elyvilon
Fedhas
Xom

Shops:
D:2 [!*[:   D:5 *   D:7 =


Message History

A killer bee is nearby!
A killer bee is nearby!
A killer bee is nearby!
A killer bee is nearby!
The killer bee buzzes angrily.
You see here a howler monkey corpse.
The killer bee stings you.
* * * LOW HITPOINT WARNING * * *
The killer bee stings you but does no damage.
You block the killer bee's attack.
You feel better. You block the killer bee's attack.
The killer bee closely misses you. The killer bee closely misses you.
The killer bee attacks as you move away!
The killer bee stings you but does no damage.
The killer bee stings you.
* * * LOW HITPOINT WARNING * * *
You are poisoned.
The killer bee poisons you!
The killer bee attacks as you move away!
You block the killer bee's attack.
An orc comes into view. It is wielding a +0 club.
You feel very sick.
The orc shouts!
You block the killer bee's attack.
You miss the killer bee.
You feel sick.
The killer bee stings you but does no damage. x2
You miss the killer bee.
You feel sick. The killer bee stings you.
* * * LOW HITPOINT WARNING * * *
You are lethally poisoned!
The killer bee poisons you! You block the killer bee's attack.
You closely miss the killer bee.
* * * LOW HITPOINT WARNING * * *
You feel sick. The killer bee stings you.
* * * LOW HITPOINT WARNING * * *
You are more poisoned.
The killer bee poisons you! You block the killer bee's attack.
An orc priest comes into view. It is wielding a +0 war axe.
You miss the killer bee.
You die...

#.##....###
#..<.o#
##....#
##.#.###
#...[.####
#...o.......
#......#####
#......#
#...@..#
####y#.#
#.#.# #.#.#
#.# #.# #.#
#†# #.#


You could see a killer bee, an orc priest (wandering) and an orc.

Vanquished Creatures
  Erica (D:8)
  A two-headed ogre (D:8)
  Sigmund (D:6)
  A steam dragon (D:6)
  Grum (D:8)
  Edmund (D:6)
  3 water moccasins
  An orc warrior (D:6)
  A sky beast (D:7)
  A black bear (D:6)
  2 ice beasts
  An ogre (D:5)
  3 wolves
  A phantom (D:6)
  4 kobold brigands
  2 necrophages (D:7)
  3 scorpions
  4 bullfrogs
  A water moccasin zombie (Ossuary)
  3 wights
  4 howler monkeys
  4 hounds
  Crazy Yiuf (D:5)
  2 gnoll boudas
  An orc priest (D:5)
  Ijyb (D:3)
  An iguana (D:6)
  2 orc wizards
  2 mummies (Ossuary)
  11 gnolls
  6 adders
  A white imp (D:7)
  6 adder zombies (Ossuary)
  3 worms
  2 dart slugs
  18 orcs
  7 ball pythons
  4 bats
  11 endoplasms
  2 giant cockroaches
  6 hobgoblins
  8 jackals
  23 kobolds
  5 quokkas
  4 frilled lizards (D:1)
  3 gnoll zombies (Ossuary)
  10 goblins
  8 hobgoblin zombies (Ossuary)
  5 kobold zombies (Ossuary)
  3 orc zombies (Ossuary)
  14 rats
214 creatures vanquished.

Vanquished Creatures (others)
  A hound (D:4)
  An orc (D:4)
  A ball python (D:4)
  A kobold (D:4)
  A fungus (D:4)
5 creatures vanquished.

Grand Total: 219 creatures vanquished

Notes
Turn   | Place    | Note
-------+----------+-------------------------------------------
     0 | D:1      | bande the Hill Orc Fighter began the quest for the Orb.
     0 | D:1      | Reached XP level 1. HP: 19/19 MP: 1/1
   214 | D:1      | Reached XP level 2. HP: 26/27 MP: 2/2
   248 | D:1      | Reached skill level 3 in Axes
   320 | D:1      | Found a faded altar of an unknown god.
   499 | D:1      | Reached XP level 3. HP: 33/33 MP: 3/3
   632 | D:2      | Found Ybeperch's Book Shop.
   901 | D:2      | Found Myqyahi's Distillery.
   913 | D:2      | Found Fakuz's Armour Boutique.
  1235 | D:2      | Found Voenesm's Armour Shop.
  1242 | D:2      | Reached skill level 4 in Axes
  1242 | D:2      | Reached XP level 4. HP: 41/41 MP: 4/4
  1305 | D:2      | Found Afeat's Assorted Antiques.
  1729 | D:3      | Found a white marble altar of Elyvilon.
  2312 | D:3      | Found a blossoming altar of Fedhas.
  2882 | D:3      | Reached XP level 5. HP: 45/47 MP: 5/5
  3130 | D:3      | Reached skill level 5 in Axes
  3167 | D:3      | Noticed Ijyb
  3193 | D:3      | Killed Ijyb
  3711 | D:4      | Became a worshipper of Beogh the Brigand
  4011 | D:4      | Reached XP level 6. HP: 50/53 MP: 6/6
  4041 | D:4      | Reached skill level 1 in Evocations
  4048 | D:4      | Found a shimmering altar of Xom.
  4447 | D:5      | Entered Level 5 of the Dungeon
  4483 | D:5      | Found Iqa Tax's Assorted Antiques.
  4504 | D:5      | Noticed an ice beast
  4511 | D:5      | Reached skill level 6 in Axes
  4511 | D:5      | Reached skill level 1 in Invocations
  4522 | D:5      | Killed an ice beast
  4523 | D:5      | Reached skill level 5 in Fighting
  4523 | D:5      | Reached XP level 7. HP: 36/61 MP: 6/8
  4537 | D:5      | Found a sand-covered staircase.
  4542 | Ossuary  | Entered an ossuary
  4786 | Ossuary  | Reached * piety under Beogh
  5000 | D:5      | Reached skill level 7 in Axes
  6154 | D:5      | Reached XP level 8. HP: 38/68 MP: 10/10
  6373 | D:5      | Bought a runed hat for 140 gold pieces
  6671 | D:5      | Found a runed translucent door.
  6672 | D:5      | Noticed Crazy Yiuf
  6678 | D:5      | Killed Crazy Yiuf
  6814 | D:5      | Identified the +6 hammer of Nuragokupp {vorpal, Dex+8}
  6902 | D:6      | Found a staircase to the Ecumenical Temple.
  6948 | D:6      | Noticed Edmund
  6952 | D:6      | Reached skill level 5 in Armour
  6954 | D:6      | Reached skill level 8 in Axes
  6964 | D:6      | Killed Edmund
  7671 | D:6      | Reached ** piety under Beogh
  7950 | D:6      | Reached skill level 9 in Axes
  8036 | D:6      | Noticed Sigmund
  8042 | D:6      | Killed Sigmund
  8170 | D:6      | Reached skill level 5 in Invocations
  8170 | D:6      | Reached XP level 9. HP: 22/75 MP: 12/12
  8703 | D:6      | Found a broken altar of Ashenzari.
  9013 | D:7      | Found a snail-covered altar of Cheibriados.
  9360 | D:7      | Reached skill level 10 in Axes
  9378 | D:7      | Found Mixzopn's Jewellery Shop.
  9592 | D:7      | Reached skill level 5 in Shields
  9838 | D:8      | Noticed Grum
 10429 | D:8      | Killed Grum
 10771 | D:7      | Reached skill level 11 in Axes
 10776 | D:7      | Reached skill level 5 in Evocations
 10776 | D:7      | Reached XP level 10. HP: 54/84 MP: 14/14
 11257 | D:8      | Noticed Erica
 11277 | D:8      | Killed Erica
 11533 | D:8      | Noticed a two-headed ogre
 11549 | D:8      | Killed a two-headed ogre
 11574 | D:8      | HP: 1/86 [killer bee (4)]
 11575 | D:8      | Succumbed to a killer bee's poison

Illustrated notes

Levels and vault maps discovered:
D:1:      evilmike_arrival_home_sweet_home, layout_rooms,
          chequers_ecumenical_altar_simple
D:2:      layout_basic, serial_shops, shop, nicolae_shop_statue_plus,
          nicolae_shop_trees, shop, nicolae_shop_hallway_stairs,
          chequers_garden, minivault_23, minmay_rat_gold_closets
D:3:      layout_loops_corners, mainiacjoe_overflow_concentric_impassable,
          mainiacjoe_overflow_catwalk, minmay_misc_feat_five,
          skrybe_limestone_x, dreamdust_wishing_well,
          minmay_goblin_kobold_house, uniq_ijyb
D:4:      layout_loops_cross, tgw_xom, serial_aquarium, aquarium_bridge_straight
          [aquarium_subvault_bridge, aquarium_subvault_wall,
          aquarium_subvault_bridge, aquarium_subvault_wall],
          aquarium_window_fake, aquarium_window_corridor_3, aquarium_window_1,
          aquarium_window_corner, aquarium_view_2e, aquarium_view_2b,
          aquarium_pool_double
D:5:      nicolae_cairo_tiling_large_dashed, layout_cave_pools, serial_shops,
          nicolae_shop_overgrown_old_shop, enter_ossuary_5, serial_column_ruins,
          column_ruins_hut, column_ruins_hut_pillars, column_ruins_open_small,
          column_ruins_grid_4, column_ruins_columns_corner, column_ruins_grid_4,
          column_ruins_columns_straight, nrook_campfire, minivault_4,
          grunt_ministairs_10, uniq_crazy_yiuf_cottage
D:6:      layout_basic, marbit_many_paths, minmay_temple_entry_stoned_glass,
          chequers_serial_rivers_room_b, uniq_sigmund, uniq_edmund
D:7:      layout_gridville, mainiacjoe_overflow_six_doors_small, serial_shops,
          nicolae_shop_waterfront
D:8:      layout_loops_ring, minitemple, minmay_orc_keep, uniq_grum, uniq_erica

Skill      XL: |  1  2  3  4  5  6  7  8  9 10 |
---------------+-------------------------------+-----
Fighting       | 4 5 6 7 |  7.2
Axes           | 3 4 5 6 7 9 11 | 11.9
Armour         | 4 5 6 7 |  7.3
Evocations     | 1 2 3 5 |  5.5
Invocations    | 1 3 5 6 7 |  7.3
Shields        | 4 5 |  5.6
Dodging        | |  0.1
Stealth        | |  0.1

Action                   |  1- 3 |  4- 6 |  7- 9 | 10-12 || total
-------------------------+-------+-------+-------+-------++-------
Melee: War axe           |    98 |   181 |   373 |    71 ||   723
Invok: Convert to Beogh  |       |     1 |       |       ||     1
  Use: Scroll            |       |    12 |    11 |       ||    23
       Potion            |       |       |     1 |     1 ||     2
Armor: Scale mail        |    46 |   114 |   135 |       ||   295
       Plate armour      |       |       |   109 |    46 ||   155
Dodge: Dodged            |    50 |   116 |   118 |    16 ||   300
Block: Buckler           |    15 |    52 |   100 |    21 ||   188

Table legend: (Time is in decaauts)
 A = Elapsed time spent in this place.
 B = Non-inter-level travel time spent in this place.
 C = Inter-level travel time spent in this place.
 D = Time resting spent in this place.
 E = Time spent auto-exploring this place.
 F = Levels seen in this place.
 G = Mean time per level.
                   A        B        C        D        E       F      G
               +--------+--------+--------+--------+--------+-----+--------+
         Total |  11721 |  11521 |    200 |   4365 |   5391 |   9 | 1302.3 |
       Dungeon |  11249 |  11049 |    200 |   4151 |   5265 |   8 | 1406.1 |
       Ossuary |    471 |    471 |      0 |    214 |    126 |   1 |  471.0 |
               +--------+--------+--------+--------+--------+-----+--------+

Top non-repeatable levels by time:
     D:7: 2548 daAuts
     D:5: 2142 daAuts
     D:6: 1818 daAuts
     D:3: 1606 daAuts
     D:2: 1433 daAuts
     D:4: 850 daAuts
     D:1: 648 daAuts
 Ossuary: 471 daAuts
     D:8: 201 daAuts
